 Dungeon Crawl Stone Soup version bcrawl-1.13.4 (webtiles) character file.

Game seed: 5020240843690304073

47 Felnil the Skirmisher (level 3, -1/24 HPs)
             Began as a Skeleton Fighter on Aug 14, 2019.
             Was an Initiate of Ru.
             Slain by Crazy Yiuf
             ... wielding a +4 quarterstaff of chaos
              (9 damage)
             ... on level 2 of the Dungeon.
             The game lasted 00:02:24 (1572 turns).

Felnil the Skirmisher (Skeleton Fighter)            Turns: 1572, Time: 00:02:25

Health: -1/24      AC:  6    Str: 23      XL:     3   Next: 48%
Magic:  0/3        EV:  8    Int:  6      God:    Ru [......]
Gold:   169        SH:  9    Dex:  7 (8)  Spells: 2/2 levels left

rFire    . . .     SeeInvis .   a - +0 war axe
rCold    + . .     Gourm    .   c - +0 shield
rNeg     + + +     Faith    .   b - +0 scale mail
rPois    ∞         Spirit   +   (no helmet)
rElec    .         Reflect  .   h - scarf {Spirit}
rCorr    .         Harm     .   (no gloves)
MR       .....                  (no boots)
Stlth    ..........             (no amulet)
HPRegen  0.08/turn              (no ring)
MPRegen  0.08/turn              (no ring)

@: no status effects
A: no food or potions, cold resistance 1, deterioration 1, negative energy
resistance 3, torment resistance, unbreathing, magic shield, sturdy frame 1,
spell healing
a: Renounce Religion


You were on level 2 of the Dungeon.
You worshipped Ru.
Ru was noncommittal.
You were not hungry.

You visited 1 branch of the dungeon, and saw 2 of its levels.

You collected 169 gold pieces.

Inventory:

Hand Weapons
 a - a +0 war axe (weapon)
Armour
 b - a +0 scale mail (worn)
 c - a +0 shield (worn)
 h - a scarf of spirit shield (worn)
Wands
 i - a wand of digging (6)
Scrolls
 d - a scroll of enchant armour {unknown}
 e - a scroll of identify {unknown}
 f - 2 scrolls of enchant weapon {unknown}
 g - 2 scrolls of teleportation {unknown}
 j - a scroll of fear {unknown}


   Skills:
 + Level 4.5 Fighting
 - Level 2.4 Axes
 - Level 3.2 Armour
 - Level 3.6 Shields


You had 2 spell levels left.
You didn't know any spells.
Your spell library was empty.

Dungeon Overview and Level Annotations

Branches:
Dungeon (2/12)

Altars:
Ru

Annotations:
D:2 Crazy Yiuf


Innate Abilities, Weirdness & Mutations

You do not eat or drink.
You are immune to poison.
Your flesh is cold resistant. (rC+)
Your body sometimes deteriorates upon taking damage.
You are immune to negative energy. (rN+++)
You are immune to unholy pain and torment.
You can survive without breathing.
When hurt, damage is shared between your health and your magic reserves.
Your movements are slightly less encumbered by armour. (ER -2)
Casting spells heals you.


Message History

Crazy Yiuf is heavily wounded.
You block Crazy Yiuf's attack.
Crazy Yiuf grits, "Blight arm horse!"
Crazy Yiuf barely misses you.
You barely miss Crazy Yiuf.
Crazy Yiuf is heavily wounded.
Crazy Yiuf hits you with a +4 quarterstaff of chaos!
Your shield and scale mail prevent you from hitting Crazy Yiuf.
Crazy Yiuf is heavily wounded.
Crazy Yiuf hits you with a +4 quarterstaff of chaos.
Crazy Yiuf burns you.
You are too injured to fight recklessly!
You are too injured to fight recklessly!
You are too injured to fight recklessly!
You closely miss Crazy Yiuf.
Crazy Yiuf is heavily wounded.
Crazy Yiuf hits you with a +4 quarterstaff of chaos.
Your body deteriorates!
You feel clumsy.
Crazy Yiuf hits you with a +4 quarterstaff of chaos!
You die...

.........##..............####
#.##.....#########........##
#.##.....# #.........#
#.##...!.# #########.#
#.###'##### #.## #.#.......#
♣♣♣♣♣##..# ..#.......# ####
♣♣♣.♣.P#.#.# ..#.......#
#...#♣..♣.P.....# ..###'#####
#..g@.♣♣♣♣......# #.# #.#
#)..#♣♣ ♣♣.#..## #># #.# ####
♣♣#### #.# #.# #.# #.# #.#
#.# #.# #.# #.# #.# #.# #.#


You could see Crazy Yiuf.

Vanquished Creatures
  An orc wizard (D:2)
  2 dart slugs
  4 bats
  4 goblins
  A hobgoblin (D:1)
  A ball python (D:2)
  3 frilled lizards
  7 rats
23 creatures vanquished.

Notes
Turn   | Place    | Note
-------+----------+-------------------------------------------
     0 | D:1      | Felnil the Skeleton Fighter began the quest for the Orb.
     0 | D:1      | Reached XP level 1. HP: 14/14 MP: 1/1
   272 | D:1      | Reached XP level 2. HP: 18/19 MP: 2/2
   695 | D:2      | Found a sacrificial altar of Ru.
   711 | D:2      | Reached skill level 4 in Fighting
   711 | D:2      | Reached XP level 3. HP: 21/24 MP: 1/3
   718 | D:2      | Became a worshipper of Ru the Awakened
  1188 | D:2      | Found a runed door.
  1565 | D:2      | Noticed Crazy Yiuf
  1572 | D:2      | Slain by Crazy Yiuf

Skill      XL: |  1  2 |
---------------+-------+-----
Fighting       | 4 |  4.5
Axes           | |  2.4
Armour         | |  3.2
Shields        | |  3.6

Action                   || total
-------------------------++-------
Melee: War axe           ||    71
 Stab: Paralysed         ||     2
Armor: Scale mail        ||    29
Dodge: Dodged            ||    21
Block: Shield            ||    35
